 Dungeon Crawl Stone Soup version 0.31-a0-233-g139696dc86 (webtiles) character file.

Game seed: 1637615677434498736

77 qw the Shooter (level 4, 0/36 HPs)
             Began as a Minotaur Hexslinger on July 8, 2023.
             Slain by Sigmund
             ... wielding a +2 scythe of protection
              (8 damage)
             ... on level 3 of the Dungeon.
             The game lasted 00:00:32 (1692 turns).

qw the Shooter (Minotaur Hexslinger)                Turns: 1692, Time: 00:00:33

Health: 0/36       AC:  6    Str: 13    XL:     4   Next: 14%
Magic:  4/4        EV: 11    Int: 10    God:
Gold:   116        SH:  0    Dex: 14    Spells: 4/5 levels left

rFire   . . .        Y - +1 sling
rCold   . . .        (no shield)
rNeg    . . .        i - +0 ring mail
rPois   .            (helmet restricted)
rElec   .            (no cloak)
rCorr   .            (no gloves)
SInv    .            h - +0 pair of boots
Will    .....        (no amulet)
Stlth   +            (no ring)
HPRegen 0.26/turn    (no ring)
MPRegen 0.09/turn

%: no passive effects
@: no status effects
A: horns 2, retaliatory headbutt
a: no special abilities


You were on level 3 of the Dungeon.
You visited 1 branch of the dungeon, and saw 3 of its levels.

You collected 116 gold pieces.


Innate Abilities, Weirdness & Mutations

You have a pair of horns on your head.
You reflexively headbutt those who attack you in melee.


   Skills:
 - Level 2.0 Fighting
 + Level 4.5 Ranged Weapons
 - Level 1.0 Armour
 - Level 2.1 Dodging
 - Level 1.0 Spellcasting
 - Level 2.0 Hexes


You had 4 spell levels left.
You knew the following spells:

 Your Spells              Type           Power      Damage    Failure   Level
a - Slow                  Hex            16%        N/A       32%         1

Your spell library contained the following spells:

 Spells                   Type           Power      Damage    Failure   Level
 Inner Flame              Hex/Fire       2%         N/A       82%         3
 Portal Projectile        Hex/Tloc       4%         N/A       82%         3
 Cause Fear               Hex            2%         N/A       97%         4

Inventory:

Hand Weapons
 Y - a +1 sling (weapon)
Armour
 h - a +0 pair of boots (worn)
 i - a +0 ring mail (worn)
Potions
 a - a potion of curing {unknown}
 b - a potion of degeneration {unknown}
 c - a potion of mutation {unknown}
 d - a potion of magic {unknown}
 e - a potion of cancellation {unknown}
 g - a potion of brilliance {unknown}
 k - a potion of heal wounds {unknown}

Dungeon Overview and Level Annotations

Branches:
Dungeon (3/15)

Altars:
Ru

Shops:
D:2 (

Annotations:
D:3 Sigmund


Message History

You kill the endoplasm!
Your Armour skill increases to level 1!
a - a viscous brown potion Sigmund the Dreaded comes into view.
He is wielding a +2 scythe of protection.
Sigmund shouts!
You shoot a sling bullet.
The sling bullet hits Sigmund but does no damage.
A kobold comes into view. It is wielding a +0 whip.
Sigmund gestures at you while chanting. The puff of flame misses you.
You shoot a sling bullet.
The sling bullet closely misses the kobold.
You shoot a sling bullet. The sling bullet hits the kobold.
You kill the kobold!
You shoot a sling bullet.
The sling bullet closely misses Sigmund.
Sigmund hits you from afar with a +2 scythe of protection!
You shoot a sling bullet.
The sling bullet hits Sigmund but does no damage.
Sigmund hits you but does no damage.
You shoot a sling bullet.
The sling bullet closely misses Sigmund.
Sigmund hits you from afar with a +2 scythe of protection.
You shoot a sling bullet. The sling bullet hits Sigmund.
Sigmund is lightly wounded.
Sigmund casts a spell.
Sigmund flickers and vanishes!
Deactivating autopickup; reactivate with Ctrl-A.
You shoot a sling bullet. Something hits you.
You shoot a sling bullet. Something hits you.
You shoot a sling bullet. Something hits you!
You shoot a sling bullet. You shoot a sling bullet. Something hits you.
You shoot a sling bullet. Something hits you!
You die...

# # # .#. .. # ... .. #
#.. .. # #.####### .#
#####.#..~~~..# .#
.....#..~...~..# .#
#.#.#..(~._.~..)#.#
#....#..~...~..#@.#
###...#..~~~..#.#.{.....
##.#.#######.##.......
#..........## .##.##.
###.......## .. ..
######### #. #. .# .#


There were no monsters in sight!

Vanquished Creatures
  Natasha (D:2)
  An adder (D:2)
  6 endoplasms
  2 giant cockroaches
  9 goblins
  A hobgoblin (D:2)
  2 jackals (D:2)
  3 quokkas (D:2)
  3 ball pythons
  3 bats
  2 frilled lizards
  4 kobolds
  2 rats
39 creatures vanquished.

Notes
Turn   | Place    | Note
-------+----------+-------------------------------------------
     0 | D:1      | qw the Minotaur Hexslinger began the quest for the Orb.
     0 | D:1      | Reached XP level 1. HP: 16/16 MP: 1/1
     0 | D:1      | 0 ||| qw: Version: 0.3-a-46-gb1f654a
     0 | D:1      | 0 ||| qw: Game counter: 3527
     0 | D:1      | 0 ||| qw: Melee chars always use a shield: true
     0 | D:1      | 0 ||| qw: God list: Okawaru
     0 | D:1      | 0 ||| qw: Allow faded altars: false
     0 | D:1      | 0 ||| qw: Do Orc after clearing Dungeon:15 true
     0 | D:1      | 0 ||| qw: Do second Lair branch before Depths: true
     0 | D:1      | 0 ||| qw: Lair rune preference: random
     0 | D:1      | 0 ||| qw: Goals: Normal
     0 | D:1      | 0 ||| PLANNING D:1-11
   110 | D:1      | Reached skill level 3 in Ranged Weapons
   110 | D:1      | Reached XP level 2. HP: 23/23 MP: 2/2
   752 | D:1      | 752 ||| UPGRADING to +0 leather armour.
   762 | D:1      | 762 ||| DROPPING +0 robe.
   763 | D:1      | 763 ||| UPGRADING to +0 pair of boots.
   768 | D:1      | 768 ||| UPGRADING to +0 ring mail.
   778 | D:1      | 778 ||| DROPPING +0 leather armour.
   779 | D:1      | 779 ||| READING 2 scrolls labelled NYXIABRO AW JUG.
   780 | D:1      | 780 ||| READING scroll labelled QUSHIE OLOUMA.
   781 | D:1      | 781 ||| DROPPING scroll of immolation.
   782 | D:1      | 782 ||| DROPPING scroll of poison.
   812 | D:2      | 812 ||| STAIRDANCE
   903 | D:2      | Reached XP level 3. HP: 29/29 MP: 3/3
   945 | D:2      | Found Jozes's Antique Weapon Shop.
  1309 | D:2      | Noticed Natasha
  1319 | D:2      | Killed Natasha
  1320 | D:2      | Reached skill level 4 in Ranged Weapons
  1445 | D:2      | Reached XP level 4. HP: 36/36 MP: 4/4
  1632 | D:2      | 1632 ||| DROPPING scarf of shadows.
  1633 | D:2      | 1633 ||| READING 2 scrolls labelled OQAACA RETWUAC.
  1634 | D:2      | 1634 ||| READING scroll labelled XAQIKHL ACZA.
  1638 | D:2      | 1638 ||| DROPPING scroll of butterflies.
  1662 | D:3      | Found a sacrificial altar of Ru.
  1665 | D:3      | Reached skill level 1 in Armour
  1679 | D:3      | Noticed Sigmund
  1691 | D:3      | HP: 8/36 [something (4)]
  1692 | D:3      | Slain by Sigmund

Levels and vault maps discovered:
D:1:      mrwooster_arrival_statue_3, layout_basic, hex_tiny
D:2:      layout_basic, serial_shops, shop, minmay_pentomino_w4, uniq_natasha
D:3:      layout_loops_cross, nicolae_ru_awakened_eye,
          grunt_dithmenos_smoke_and_mirrors, trog_three_pillars_becter,
          uniq_sigmund

Skill      XL: |  1  2  3  4 |
---------------+-------------+-----
Ranged Weapons | 3 4 |  4.5
Fighting       | 2 |  2.0
Armour         | 1 |  1.0
Dodging        | |  2.1
Spellcasting   | |  1.0
Hexes          | |  2.0

Action                     |  1- 3 |  4- 6 || total
---------------------------+-------+-------++-------
   Fire: Sling             |    99 |    15 ||   114
    Use: Scroll            |     2 |     2 ||     4
 Armour: Ring mail         |    18 |     1 ||    19
         Robe              |     1 |       ||     1
  Dodge: Dodged            |    32 |     1 ||    33

Table legend:
 A = Non-vault XP
 B = Vault XP
 C = Vault XP percentage of total XP
 D = Non-vault monster count
 E = Vault monster count
 F = Vault count percentage of total count
                 A         B        C        D         E       F
            +---------+---------+-------+---------+---------+-------
      Total |      63 |      48 |  43.2 |      31 |       8 |  20.5
            +---------+---------+-------+---------+---------+-------
        D:1 |      30 |       0 |   0.0 |      19 |       0 |   0.0
        D:2 |      30 |      48 |  61.5 |      10 |       8 |  44.4
        D:3 |       3 |       0 |   0.0 |       2 |       0 |   0.0
            +---------+---------+-------+---------+---------+-------
